 Dungeon Crawl Stone Soup version 0.30-a0-50-gb2d611f6b1 (webtiles) character file.

Game seed: 8191740335703204759

5975 Korsik the Covert (level 10, -4/44 HPs)
             Began as a Spriggan Enchanter on Sept 5, 2022.
             Slain by Snorg (15 damage)
             ... on level 10 of the Dungeon.
             The game lasted 00:17:37 (11074 turns).

Korsik the Covert (Spriggan Enchanter)             Turns: 11074, Time: 00:17:37

Health: -4/44      AC:  8    Str:  7    XL:     10   Next: 55%
Magic:  23/26      EV: 18    Int: 22    God:
Gold:   533        SH:  0    Dex: 20    Spells: 21/32 levels left

rFire   . . .      SeeInvis +    m - +2 dagger (elec)
rCold   . . .      Faith    .    (no shield)
rNeg    . . .      Spirit   .    b - +0 robe
rPois   .          Reflect  .    (helmet restricted)
rElec   .          Harm     .    i - +1 cloak
rCorr   .          Rampage  .    (gloves unavailable)
Will    ++...                    (boots unavailable)
Stlth   ++++++....               (no amulet)
HPRegen 0.14/turn                p - +4 ring of protection
MPRegen 0.20/turn                F - +6 ring of intelligence

@: confusing by touch, very quick
A: very small, no large weapons, unfitting armour, see invisible, speed 3, agile
1, strong-willed 1
a: no special abilities


You were on level 10 of the Dungeon.
You visited 2 branches of the dungeon, and saw 11 of its levels.
You also visited: Sewer.

You collected 645 gold pieces.
You spent 112 gold pieces at shops.

Inventory:

Hand Weapons
 a - a +2 dagger of freezing
 d - a +2 dagger of venom
 m - a +2 dagger of electrocution (weapon)
Missiles
 o - 2 throwing nets (quivered)
 w - 5 curare-tipped darts
Armour
 b - a +0 robe (worn)
 i - a +1 cloak (worn)
Jewellery
 p - a +4 ring of protection (left hand)
 r - a ring of flight
 E - a ring of protection from cold
 F - a +6 ring of intelligence (right hand)
Wands
 y - a wand of polymorph (3)
 z - a wand of mindburst (17)
 D - a wand of flame (11)
Scrolls
 g - 2 scrolls of magic mapping
 n - 3 scrolls of vulnerability
 q - 4 scrolls of teleportation
 s - 2 scrolls of immolation
 t - 2 scrolls of blinking
 u - a scroll of fear
 v - 4 scrolls of identify
 A - 2 scrolls of amnesia
 C - a scroll of fog
Potions
 c - 2 potions of invisibility
 e - 4 potions of cancellation
 f - 3 potions of heal wounds
 h - 5 potions of curing
 j - 3 potions of brilliance
 k - 3 potions of flight
 l - a potion of mutation
 x - a potion of magic
 B - a potion of haste


   Skills:
 - Level 1.1 Short Blades
 - Level 2.6 Dodging
 + Level 14.1 Stealth
 + Level 11.6 Spellcasting
 + Level 11.8 Hexes


You had 21 spell levels left.
You knew the following spells:

 Your Spells              Type           Power      Damage    Failure   Level
a - Ensorcelled Hibernat  Hex/Ice        76%        N/A       1%          2
b - Tukima's Dance        Hex            59%        N/A       1%          3
c - Dazzling Flash        Conj/Hex       76%        N/A       1%          3
d - Confusing Touch       Hex            59%        N/A       1%          3

Your spell library contained the following spells:

 Spells                   Type           Power      Damage    Failure   Level
 Slow                     Hex            100%       N/A       1%          1
 Portal Projectile        Hex/Tloc       76%        N/A       1%          3
 Leda's Liquefaction      Hex/Erth       19%        N/A       4%          4
 Beastly Appendage        Tmut           24%        N/A       5%          1
 Poisonous Vapours        Pois/Air       24%        N/A       8%          2
 Wereblood                Tmut           12%        N/A       8%          2
 Metabolic Englaciation   Hex/Ice        19%        N/A       13%         5
 Silence                  Hex/Air        19%        N/A       13%         5
 Call Canine Familiar     Summ           12%        N/A       16%         3
 Ozocubu's Armour         Ice            12%        N/A       16%         3
 Spider Form              Tmut/Pois      12%        N/A       16%         3
 Stone Arrow              Conj/Erth      24%        3d8       16%         3
 Vampiric Draining        Necr           12%        2d6       16%         3
 Animate Armour           Summ/Erth      24%        N/A       45%         4
 Corpse Rot               Necr/Pois/Air  12%        N/A       45%         4
 Passage of Golubria      Tloc           12%        N/A       45%         4
 Lee's Rapid Deconstruct  Erth           6%         3d7*      82%         5
 Simulacrum               Ice/Necr       6%         N/A       100%        6
 Statue Form              Tmut/Erth      8%         N/A       100%        6
 Lehudib's Crystal Spear  Conj/Erth      6%         10d3      100%        8


Dungeon Overview and Level Annotations

Branches:
Dungeon (10/15)            Temple (1/1) D:6             Orc (0/2) D:10
  Sewer (visited)
   Lair: D:8-11

Altars:
Ashenzari
Cheibriados
Elyvilon
Fedhas
Gozag
Hepliaklqana
Kikubaaqudgha
Makhleb
Nemelex Xobeh
Okawaru
Qazlal
Ru
Sif Muna
Trog
Uskayaw
Vehumet
Wu Jian
Xom
Yredelemnul
Zin
The Shining One

Shops:
D:6 **

Annotations:
D:10 Snorg


Innate Abilities, Weirdness & Mutations

You are very small and have problems with some larger weapons.
You are too small for most types of armour.
You have supernaturally acute eyesight. (SInv)
You cover ground extremely quickly. (Speed+++)
You are agile. (Dex +4, Str/Int -1)
You are strong-willed. (Will+)


Message History

Snorg bites you but does no damage. Snorg closely misses you.
Snorg claws you but does no damage.
You hit Snorg.
Snorg is almost dead.
Snorg goes berserk!
You hit Snorg.
Snorg is almost dead.
Snorg misses you. Snorg claws you! Snorg misses you.
Snorg bites you but does no damage. Snorg barely misses you.
Snorg claws you but does no damage.
You hit Snorg.
Snorg is almost dead.
Snorg bites you but does no damage. Snorg completely misses you. x2
You puncture Snorg!
Snorg is almost dead.
Snorg misses you. Snorg completely misses you. Snorg barely misses you.
You hit Snorg.
Snorg is almost dead.
Snorg bites you. Snorg misses you. Snorg completely misses you.
Snorg bites you but does no damage. Snorg claws you!! Snorg claws you.
* * * LOW HITPOINT WARNING * * *
You feel much better. Snorg closely misses you. Snorg misses you.
Snorg barely misses you.
Snorg rages.
Snorg is no longer berserk.
Casting: Ensorcelled Hibernation (safe; 1% risk of failure)
Confirm with . or Enter, or press ? or * to list all spells.
Your hands begin to glow red.
You hit Snorg but do no damage.
Snorg is severely wounded.
Snorg closely misses you. Snorg claws you! x2
* * * LOW HITPOINT WARNING * * *
You are too injured to fight recklessly!
You are too injured to fight recklessly!
You are too injured to fight recklessly!
You are too injured to fight recklessly!
You completely miss Snorg.
Snorg is severely wounded.
Snorg bites you!
You die...

#................#...#####.
#...)....).#####.+.........
#..........# #.###.......
#..........# #...#.......
#..........# #...#.......
#######....# #..##.......
#....# #..#....>... #...T#
#..#....#### #...@#
#..#.... #....#####..#....
#...........#..
#...........# .####
...............# .....
...###########.######...
... #......#... ..
#......#### #..........


You could see Snorg (slow).

Vanquished Creatures
  A two-headed ogre (D:9)
  Pikel (D:8)
  3 kobold demonologists (D:9)
  3 hornets
  2 trolls (D:9)
  2 wyverns
  2 orc warriors
  A sky beast (D:5)
  3 ogres
  4 centaurs
  3 kobold brigands
  A phantom (D:4)
  4 bullfrogs
  3 scorpions
  2 wights (D:7)
  A howler monkey (D:8)
  Crazy Yiuf (D:2)
  4 orc priests
  A gnoll bouda (D:7)
  8 hounds
  2 iguanas
  Terence (D:2)
  3 orc wizards (D:8)
  15 gnolls
  8 adders
  3 white imps
  3 ufetubi
  2 dart slugs (D:1)
  18 orcs
  6 bats
  8 endoplasms
  7 giant cockroaches
  8 goblins
  4 hobgoblins
  22 kobolds
  12 quokkas
  12 ball pythons
  12 frilled lizards
  4 rats
200 creatures vanquished.

Vanquished Creatures (collateral kills)
  A centaur (D:8)
  A lemure (D:8)
  A wight (D:8)
  An orc (D:4)
4 creatures vanquished.

Vanquished Creatures (others)
  5 dancing weapons
  8 plants (D:6)
13 creatures vanquished.

Grand Total: 217 creatures vanquished

Notes
Turn   | Place    | Note
-------+----------+-------------------------------------------
     0 | D:1      | Korsik the Spriggan Enchanter began the quest for the Orb.
     0 | D:1      | Reached XP level 1. HP: 9/9 MP: 5/5
   435 | D:1      | Reached XP level 2. HP: 13/13 MP: 7/7
   438 | D:1      | Learned a level 2 spell: Ensorcelled Hibernation
   650 | D:1      | Found a faded altar of an unknown god.
   653 | D:1      | Reached XP level 3. HP: 16/16 MP: 9/9
   657 | D:1      | Learned a level 3 spell: Tukima's Dance
   661 | D:1      | Learned a level 3 spell: Confusing Touch
  1398 | D:2      | Noticed Terence
  1405 | D:2      | Killed Terence
  1406 | D:2      | Reached skill level 5 in Hexes
  1406 | D:2      | Reached XP level 4. HP: 21/21 MP: 3/11
  2307 | D:2      | Found a runed translucent door.
  2308 | D:2      | Identified the +0 hammer of the Bursting Saviour {protect,
                  | rPois Str+3}
  2308 | D:2      | Noticed Crazy Yiuf
  2320 | D:2      | Killed Crazy Yiuf
  2519 | D:3      | Learned a level 3 spell: Dazzling Flash
  2585 | D:3      | Found a large runed translucent door.
  2586 | D:3      | Found a large runed translucent door.
  2927 | D:3      | Found a snail-covered altar of Cheibriados.
  2932 | D:3      | Reached XP level 5. HP: 24/24 MP: 13/13
  2939 | D:3      | Found a bloodstained altar of Trog.
  3062 | D:4      | Reached skill level 5 in Spellcasting
  3402 | D:4      | Noticed a phantom
  3410 | D:4      | Killed a phantom
  3411 | D:4      | Reached skill level 5 in Stealth
  3551 | D:4      | Reached XP level 6. HP: 28/28 MP: 5/15
  4081 | D:5      | Entered Level 5 of the Dungeon
  4135 | D:5      | Reached skill level 6 in Stealth
  4396 | D:5      | Reached XP level 7. HP: 32/32 MP: 17/17
  4506 | D:5      | Reached skill level 7 in Stealth
  4682 | D:5      | Found a glowing drain.
  4698 | Sewer    | Entered a sewer
  4882 | Sewer    | Reached skill level 8 in Stealth
  5784 | D:6      | Reached XP level 8. HP: 36/36 MP: 20/20
  6183 | D:6      | Gained mutation: You are robust. (+10% HP) [potion of
                  | mutation]
  6184 | D:6      | Lost mutation: You are robust. (+10% HP) [potion of
                  | mutation]
  6184 | D:6      | Gained mutation: You are agile. (Dex +4, Str/Int -1)
                  | [potion of mutation]
  6184 | D:6      | Gained mutation: You are strong-willed. (Will+) [potion of
                  | mutation]
  6229 | D:6      | Reached skill level 9 in Stealth
  6533 | D:6      | Found a staircase to the Ecumenical Temple.
  6555 | Temple   | Entered the Ecumenical Temple
  6969 | D:6      | Found Deidolan's Specific Store.
  6972 | D:6      | Found Geskaral's General Store.
  6981 | D:6      | Bought a potion of curing for 42 gold pieces
  6981 | D:6      | Bought a potion of heal wounds for 70 gold pieces
  7138 | D:6      | Found a sparkling altar of Nemelex Xobeh.
  7589 | D:7      | Noticed a hornet
  7601 | D:7      | Killed a hornet
  7602 | D:7      | Reached skill level 10 in Stealth
  7811 | D:7      | Noticed a hornet
  7814 | D:7      | Killed a hornet
  7815 | D:7      | Reached XP level 9. HP: 39/39 MP: 21/23
  7884 | D:7      | Reached skill level 11 in Stealth
  8523 | D:8      | Reached skill level 10 in Hexes
  8643 | D:8      | Noticed Pikel
  8678 | D:8      | Killed Pikel
  8679 | D:8      | Reached skill level 12 in Stealth
  8679 | D:8      | Reached skill level 10 in Spellcasting
  9082 | D:8      | Found a burning altar of Makhleb.
  9144 | D:8      | Found a glowing golden altar of the Shining One.
  9669 | D:9      | Noticed a two-headed ogre
  9700 | D:9      | Killed a two-headed ogre
  9701 | D:9      | Reached skill level 13 in Stealth
  9701 | D:9      | Reached XP level 10. HP: 37/44 MP: 11/25
  9959 | D:9      | Identified the +0 leather armour of Fortitude {rElec Str+3
                  | Int+3 Dex-5}
 10027 | D:9      | Noticed an orange demon
 10502 | D:9      | Reached skill level 14 in Stealth
 10865 | D:10     | Entered Level 10 of the Dungeon
 10910 | D:10     | Found a staircase to the Orcish Mines.
 11008 | D:10     | Identified the +3 whip of Blind Justice {venom, rCorr}
 11020 | D:10     | Identified the +6 quarterstaff "Timpia" {pain, Str+4
                  | Stlth+}
 11037 | D:10     | Noticed Snorg
 11074 | D:10     | Slain by Snorg

Illustrated notes

Levels and vault maps discovered:
D:1:      dpeg_arrival_tiny_i, layout_loops_ring,
          chequers_ecumenical_altar_simple_redux
D:2:      layout_loops_ring, uniq_crazy_yiuf_cottage, uniq_terence
D:3:      layout_basic, jmf_multi_god_temple2
D:4:      layout_rooms, hangedman_decor_riveting, feat_on_display
D:5:      layout_layer_cave, portal_sewer_entry_f
D:6:      layout_loops_ring, nemelex_dance_club_becter,
          minmay_temple_entry_gardened_gates, nrook_uturn,
          nicolae_specific_store, ebering_dispersal_statue_hall
D:7:      layout_rooms
D:8:      layout_basic, makhleb_blood_cavern_becter, tso_altar,
          hangedman_abyss_or_decor_clamps, uniq_pikel
D:9:      layout_irregular_city
D:10:     layout_irregular_city, grunt_dithmenos_shadows, orc_0_dummy,
          patterned_corridor, uniq_snorg, uniq_fannar, uniq_erica
Temple:   regret_index_temple_sphere_string

Skill      XL: |  1  2  3  4  5  6  7  8  9 10 |
---------------+-------------------------------+-----
Spellcasting   | 3 4 5 6 7 9 10 11 | 11.6
Hexes          | 4 5 6 7 9 11 | 11.8
Stealth        | 5 6 8 10 13 14 | 14.1
Short Blades   | |  1.1
Dodging        | |  2.6

Action                   |  1- 3 |  4- 6 |  7- 9 | 10-12 || total
-------------------------+-------+-------+-------+-------++-------
Melee: Dagger            |    87 |   126 |   299 |    53 ||   565
       Punch             |       |     1 |     4 |       ||     5
 Cast: Ensorcelled Hiber |     4 |     4 |    37 |    11 ||    56
       Tukima's Dance    |     1 |     7 |    19 |     4 ||    31
       Confusing Touch   |     1 |     1 |     5 |     1 ||     8
  Use: Scroll            |     4 |    11 |     4 |     1 ||    20
       Potion            |       |       |     6 |     2 ||     8
 Stab: Sleeping          |    19 |    15 |    38 |    11 ||    83
       Confused          |       |       |     4 |       ||     4
       Distracted        |       |       |     2 |       ||     2
Armor: Robe              |     5 |    13 |    62 |    34 ||   114
Dodge: Dodged            |    46 |    80 |   248 |    98 ||   472

Table legend: (Time is in decaauts)
 A = Elapsed time spent in this place.
 B = Non-inter-level travel time spent in this place.
 C = Inter-level travel time spent in this place.
 D = Time resting spent in this place.
 E = Time spent auto-exploring this place.
 F = Levels seen in this place.
 G = Mean time per level.
                   A        B        C        D        E       F      G
               +--------+--------+--------+--------+--------+-----+--------+
         Total |   8517 |   8328 |    189 |    779 |   6087 |  12 |  709.8 |
       Dungeon |   8086 |   7914 |    172 |    779 |   5798 |  10 |  808.6 |
        Temple |    226 |    210 |     16 |      0 |    202 |   1 |  226.0 |
         Sewer |    204 |    204 |      0 |      0 |     86 |   1 |  204.0 |
               +--------+--------+--------+--------+--------+-----+--------+

Top non-repeatable levels by time:
     D:5: 1146 daAuts
     D:6: 1016 daAuts
     D:1: 1014 daAuts
     D:9: 1004 daAuts
     D:8: 941 daAuts
     D:2: 906 daAuts
     D:4: 728 daAuts
     D:7: 674 daAuts
     D:3: 520 daAuts
  Temple: 226 daAuts
   Sewer: 204 daAuts
    D:10: 132 daAuts
